 Dungeon Crawl Stone Soup version 0.31-a0-988-g08d55dae12 (webtiles) character file.

Game seed: 7440566849471333290

242 BinkBink the Caller (level 5, -8/28 HPs)
             Began as a Deep Elf Summoner on Nov 4, 2023.
             Killed from afar by Ijyb (24 damage)
             ... with a bolt of acid
             ... on level 3 of the Dungeon.
             The game lasted 00:05:01 (2985 turns).

BinkBink the Caller (Deep Elf Summoner)             Turns: 2985, Time: 00:05:01

Health: -8/28      AC: -1    Str:  5    XL:     5   Next: 82%
Magic:  11/15      EV: 12    Int: 22    God:
Gold:   130        SH:  0    Dex: 15    Spells: 10/16 levels left

rFire   . . .        (no weapon)
rCold   . . .        (no shield)
rNeg    . . .        a - +1 robe
rPois   .            (no helmet)
rElec   .            (no cloak)
rCorr   .            (no gloves)
SInv    .            (no boots)
Will    .....        (no amulet)
Stlth   ++           e - +4 ring of slaying
HPRegen 0.24/turn    (no ring)
MPRegen 0.14/turn

%: no passive effects
@: corroded
A: no striking features
a: no special abilities


You were on level 3 of the Dungeon.
You visited 1 branch of the dungeon, and saw 3 of its levels.

You collected 130 gold pieces.

Inventory:

Armour
 a - a +1 robe (worn)
Jewellery
 e - a +4 ring of slaying (left hand)
 j - a +5 ring of evasion
Scrolls
 l - a scroll of brand weapon {unknown}
Potions
 b - 2 potions of magic
 c - a potion of might
 d - a potion of brilliance
 f - a potion of ambrosia {unknown}
 g - 3 potions of curing {unknown}
 h - 2 potions of enlightenment {unknown}
 i - 2 potions of heal wounds {unknown}
 k - a potion of degeneration {unknown}


   Skills:
 - Level 2.4 Dodging
 - Level 2.4 Stealth
 + Level 6.2 Spellcasting
 + Level 6.3 Summonings


You had 10 spell levels left.
You knew the following spells:

 Your Spells              Type           Power      Damage    Failure   Level
a - Summon Small Mammal   Summ           100%       N/A       1%          1
b - Call Imp              Summ           68%        N/A       1%          2
c - Call Canine Familiar  Summ           34%        N/A       1%          3

Your spell library contained the following spells:

 Spells                   Type           Power      Damage    Failure   Level
 Summon Guardian Golem    Hex/Summ       20%        N/A       8%          3
 Cigotuvi's Dreadful Rot  Necr/Pois/Air  12%        N/A       14%         2
 Summon Lightning Spire   Summ/Air       20%        N/A       24%         4
 Ignite Poison            Fire/Tmut/Pois 6%         N/A       26%         3
 Sigil of Binding         Hex            6%         N/A       26%         3
 Dimensional Bullseye     Hex/Tloc       3%         N/A       65%         4
 Leda's Liquefaction      Hex/Erth       3%         N/A       65%         4
 Freezing Cloud           Conj/Ice/Air   3%         6-21      94%         5


Dungeon Overview and Level Annotations

Branches:
Dungeon (3/15)

Altars:
Yredelemnul

Annotations:
D:3 Ijyb


Message History

Confirm with . or Enter, or press ? or * to list all spells.
The ball python hisses angrily.
Casting: Call Canine Familiar (safe; 1% risk of failure)
Confirm with . or Enter, or press ? or * to list all spells.
A tiny devil pulls itself out of the air.
You swap places.
The ball python closely misses your hound.
The ball python grabs your hound. The ball python constricts your hound.
Your hound bites the ball python.
The ball python dies!
Your cerulean imp disappears in a puff of smoke!
You swap places.
Your hound disappears in a puff of smoke!
You see here a +0 rapier.
Ijyb the Twisted Goblin comes into view.
She is wielding a +0 club and carrying a wand of acid.
Found 9 stones.
Ijyb is nearby!
Casting: Call Imp (safe; 1% risk of failure)
Confirm with . or Enter, or press ? or * to list all spells.
A tiny devil pulls itself out of the air.
Casting: Call Imp (safe; 1% risk of failure)
Confirm with . or Enter, or press ? or * to list all spells.
You swap places.
Your cerulean imp hits Ijyb but does no damage.
Ijyb hits your cerulean imp with a +0 club.
Ijyb hits your hound with a +0 club.
Your hound bites Ijyb.
Your cerulean imp hits Ijyb with a -1 spear.
Your hound bites Ijyb but does no damage.
Ijyb screams, "No!
No, no, no, no!"
Ijyb hits your hound with a +0 club.
Your cerulean imp barely misses Ijyb.
Your hound misses Ijyb.
Ijyb zaps a wand.
The bolt of acid hits your hound! The acid corrodes your hound!
Your hound dies!
Your hound's corpse disappears in a puff of smoke!
The bolt of acid hits you! The acid corrodes you!
Your cerulean imp hits Ijyb with a -1 spear.
Ijyb zaps a wand.
The bolt of acid hits you!!
Ouch! That really hurt!
You die...

#..#####.##### ##
#........# # # .(
##.####### # #.#. #.# ##
.#. ####.##### ##. ..
#........# ##.. # #.
#.##.....# ##...
#...##.####.###....###....
......5..@.).........'....
#?..##g####.###....###....
# #. #........# ##... #.
########.# ##.. #g #.#
###. #. #.# #... #.
#.####... .. #.##.....
#.....


You could see Ijyb (ally target) and a friendly cerulean imp (summoned).

Vanquished Creatures
  A quokka (D:1)
  A frilled lizard (D:2)
2 creatures vanquished.

Vanquished Creatures (collateral kills)
  Sigmund (D:3)
  Jessica (D:2)
  2 adders (D:2)
  A worm (D:2)
  2 dart slugs (D:1)
  3 endoplasms
  3 giant cockroaches
  3 hobgoblins
  2 kobolds
  4 quokkas
  8 ball pythons
  A bat (D:1)
  2 frilled lizards
  3 rats (D:1)
36 creatures vanquished.

Grand Total: 38 creatures vanquished

Notes
Turn   | Place    | Note
-------+----------+-------------------------------------------
     0 | D:1      | BinkBink the Deep Elf Summoner began the quest for the Orb.
     0 | D:1      | Reached XP level 1. HP: 10/10 MP: 6/6
   359 | D:1      | Reached XP level 2. HP: 9/15 MP: 4/8
   362 | D:1      | Learned a level 2 spell: Call Imp
  1475 | D:2      | Noticed Jessica
  1486 | D:2      | Killed Jessica
  1487 | D:2      | Reached skill level 5 in Summonings
  1487 | D:2      | Reached XP level 3. HP: 19/19 MP: 4/10
  1491 | D:2      | Learned a level 3 spell: Call Canine Familiar
  1606 | D:2      | Reached XP level 4. HP: 20/24 MP: 8/12
  2633 | D:3      | Noticed Sigmund
  2648 | D:3      | Killed Sigmund
  2649 | D:3      | Reached XP level 5. HP: 28/28 MP: 7/15
  2768 | D:3      | Found a basalt altar of Yredelemnul.
  2975 | D:3      | Noticed Ijyb
  2985 | D:3      | Killed from afar by Ijyb

Illustrated notes

Levels and vault maps discovered:
D:1:      minmay_arrival_arboretum_small, layout_loops_corners, nicolae_titane
D:2:      layout_basic, minmay_unequal, uniq_jessica
D:3:      layout_loops_corners, amcnicky_altar_gilded, minmay_misc_feat_alley,
          uniq_robin, uniq_sigmund, uniq_ijyb

Skill      XL: |  1  2  3  4 |
---------------+-------------+-----
Spellcasting   | 4 6 |  6.2
Summonings     | 5 6 |  6.3
Dodging        | |  2.4
Stealth        | |  2.4

Action                     |  1- 3 |  4- 6 || total
---------------------------+-------+-------++-------
  Melee: Unarmed           |     5 |     1 ||     6
   Cast: Summon Small Mamm |    34 |    11 ||    45
         Call Imp          |    12 |     9 ||    21
         Call Canine Famil |     2 |    11 ||    13
    Use: Scroll            |     2 |     2 ||     4
 Armour: Robe              |    11 |     5 ||    16
  Dodge: Dodged            |    10 |     3 ||    13

Table legend: (Time is in decaauts)
 A = Elapsed time spent in this place.
 B = Non-inter-level travel time spent in this place.
 C = Inter-level travel time spent in this place.
 D = Time resting spent in this place.
 E = Time spent auto-exploring this place.
 F = Levels seen in this place.
 G = Mean time per level.
                   A        B        C        D        E       F      G
               +--------+--------+--------+--------+--------+-----+--------+
         Total |   2984 |   2914 |     70 |      7 |   2525 |   3 |  994.7 |
       Dungeon |   2984 |   2914 |     70 |      7 |   2525 |   3 |  994.7 |
               +--------+--------+--------+--------+--------+-----+--------+

Top non-repeatable levels by time:
     D:2: 1448 daAuts
     D:1: 1137 daAuts
     D:3: 397 daAuts
